 Dungeon Crawl Stone Soup version 0.30-a0-3-gc9032a9cac (webtiles) character file.

Game seed: 10551358424766113439

13 BritishOli the Trooper (level 2, 16/24 HPs)
             Began as a Demonspawn Fighter on Aug 20, 2022.
             Got out of the dungeon alive.
             The game lasted 00:00:23 (325 turns).

BritishOli the Trooper (Demonspawn Fighter)          Turns: 325, Time: 00:00:23

Health: 16/24      AC:  6    Str: 16    XL:     2   Next: 24%
Magic:  2/2        EV:  8    Int:  9    God:
Gold:   20         SH:  4    Dex: 12    Spells: 1/1 levels left

rFire   . . .      SeeInvis .    a - +0 long sword
rCold   . . .      Faith    .    c - +0 buckler
rNeg    . . .      Spirit   .    b - +0 scale mail
rPois   .          Reflect  .    (no helmet)
rElec   .          Harm     .    (no cloak)
rCorr   .          Rampage  .    (no gloves)
Will    .....                    (no boots)
Stlth   ..........               (no amulet)
HPRegen 0.08/turn                (no ring)
MPRegen 0.08/turn                (no ring)

@: no status effects
A: demonic magic 1
a: no special abilities


You escaped.
You visited 1 branch of the dungeon, and saw 1 of its levels.

You collected 20 gold pieces.

Inventory:

Hand Weapons
 a - a +0 long sword (weapon)
Armour
 b - a +0 scale mail (worn)
 c - a +0 buckler (worn)
Jewellery
 g - a ring of fire
Scrolls
 e - a scroll of vulnerability {unknown}
Potions
 d - a potion of might
 f - a potion of magic {unknown}


   Skills:
 + Level 3.2 Fighting
 + Level 2.0 Long Blades
 + Level 2.8 Armour
 + Level 2.9 Shields


You had one spell level left.
You didn't know any spells.
Your spell library was empty.

Dungeon Overview and Level Annotations

Branches:
Dungeon (1/15)

Altars:


Innate Abilities, Weirdness & Mutations

Spells you cast may paralyse adjacent enemies.


Message History

The slug dart hits you.
Unknown command.
You hit the hobgoblin.
You kill the hobgoblin!
The hobgoblin hits you. The kobold hits you but does no damage.
The dart slug barely misses you.
You slash the goblin!
You kill the goblin!
The bat hits you but does no damage. x2
You slash the bat!
You kill the bat!
Your Long Blades skill increases to level 2!
You hit the dart slug.
The dart slug is severely wounded.
The dart slug launches a dart at you. The slug dart misses you.
You hit the dart slug.
You kill the dart slug!
The hobgoblin hits you.
You have reached level 2!
Your demonic ancestry asserts itself...
A menacing aura infuses your magic.
You hit the hobgoblin but do no damage. You block the hobgoblin's attack.
You hit the hobgoblin.
The hobgoblin is moderately wounded.
The hobgoblin hits you but does no damage.
You hit the hobgoblin.
The hobgoblin is severely wounded.
The hobgoblin hits you but does no damage.
The hobgoblin closely misses you.
You hit the hobgoblin.
You kill the hobgoblin!
You closely miss the kobold. The kobold barely misses you.
You slash the kobold!
You kill the kobold!
Items here: ( )) †.
There is an open door here.
There is a staircase leading out of the dungeon here.
Are you sure you want to leave the Dungeon?
This will make you lose the game!
You have escaped!

## # #.# ..# #.# ..#####.#
...##.#####.
.#.####++++++#..#.......###
!...#..+....+.....# #...
.#.>...+....+..#..######.#.
.......+..@.'..#...........
#.....+....+.###.#........
#.....++++++..........#.#.
#............###......#.#.
#..........#.# #.##.#...#)
#.##......##.# #..........
##........# #..........
#......#.###.#..#...#.
####....................


There were no monsters in sight!

Vanquished Creatures
  A dart slug (D:1)
  2 endoplasms (D:1)
  A goblin (D:1)
  2 hobgoblins (D:1)
  A kobold (D:1)
  2 bats (D:1)
9 creatures vanquished.

Notes
Turn   | Place    | Note
-------+----------+-------------------------------------------
     0 | D:1      | BritishOli the Demonspawn Fighter began the quest for the
                  | Orb.
     0 | D:1      | Reached XP level 1. HP: 18/18 MP: 1/1
   301 | D:1      | Gained mutation: Spells you cast may paralyse adjacent
                  | enemies. [demonic ancestry]
   301 | D:1      | Reached XP level 2. HP: 14/24 MP: 2/2
   325 | D:$      | Got out of the dungeon alive.

Illustrated notes

Levels and vault maps discovered:
D:1:      lightli_arrival_maybe_door_vault, layout_basic,
          chequers_ecumenical_altar_simple_redux

Skill      XL: |  1 |
---------------+----+-----
Long Blades    | 2 |  2.0
Fighting       | |  3.2
Armour         | |  2.8
Shields        | |  2.9

Action                   || total
-------------------------++-------
Melee: Long sword        ||    29
Armor: Scale mail        ||    15
Dodge: Dodged            ||    21
Block: Buckler           ||     7

Table legend: (Time is in decaauts)
 A = Elapsed time spent in this place.
 B = Non-inter-level travel time spent in this place.
 C = Inter-level travel time spent in this place.
 D = Time resting spent in this place.
 E = Time spent auto-exploring this place.
 F = Levels seen in this place.
 G = Mean time per level.
                   A        B        C        D        E       F      G
               +--------+--------+--------+--------+--------+-----+--------+
         Total |    335 |    319 |     16 |    151 |    106 |   1 |  335.0 |
       Dungeon |    335 |    319 |     16 |    151 |    106 |   1 |  335.0 |
               +--------+--------+--------+--------+--------+-----+--------+

Top non-repeatable levels by time:
     D:1: 335 daAuts
